SNL (28 & UNDER)
BEAUMONT ROUGHNECKS @ WICHITA WRANGLERS
09/06/2030
 
TOP OF THE 1ST
Beaumont Roughnecks batting - Pitching for Wichita Wranglers : LHP António Ruíz
Pitching: LHP António Ruíz
Batting: RHB Jeff Vickers 0-0: Ball
1-0: Called Strike
1-1: Swinging Strike
1-2: Ball
2-2: Strikes out swinging
Batting: RHB Cole Boehmer 0-0: Called Strike
0-1: Ball
1-1: Fly out, F5 (Popup, 15)
Batting: LHB Corey MacGregor 0-0: Foul Ball, location: 2F
0-1: Ball
1-1: SINGLE (Groundball, 56D)
Batting: SHB Miguel González 0-0: Called Strike
0-1: Foul Ball, location: 2F
0-2: Foul Ball, location: 2F
0-2: Strikes out looking
Top of the 1st over - 0 runs, 1 hit, 0 errors, 1 left on base; Beaumont 0 - Wichita 0
BOTTOM OF THE 1ST
Wichita Wranglers batting - Pitching for Beaumont Roughnecks : RHP Stan Roberts
Pitching: RHP Stan Roberts
Batting: LHB Terry Neal 0-0: Foul Ball, location: 2F
0-1: Ball
1-1: Called Strike
1-2: Ball
2-2: Strikes out swinging
Batting: RHB Henry Edwards 0-0: Called Strike
0-1: DOUBLE (Groundball, 5L)
Batting: RHB Stan Taylor 0-0: Called Strike
0-1: Ball
1-1: Ball
2-1: Foul Ball, location: 2F
2-2: Foul Ball, location: 2F
2-2: Foul Ball, location: 2F
2-2: Hit by Pitch
Batting: LHB Chris Gibson 0-0: Ball
1-0: Ball
2-0: DOUBLE (Line Drive, 9LS)
Henry Edwards scores
Stan Taylor to third
Batting: LHB José Guerrero 0-0: Ground out 1-3 (Groundball, P)
Batting: RHB Hubert MacDonald 0-0: Foul Ball, location: 2F
0-1: Ball
1-1: Fly out, F7 (Flyball, 7LD)
Bottom of the 1st over - 1 run, 2 hits, 0 errors, 2 left on base; Beaumont 0 - Wichita 1
TOP OF THE 2ND
Beaumont Roughnecks batting - Pitching for Wichita Wranglers : LHP António Ruíz
Batting: LHB Dave Tucker 0-0: Called Strike
0-1: Swinging Strike
0-2: Foul Ball, location: 2F
0-2: Ball
1-2: Strikes out swinging
Batting: LHB John Fitzgerald 0-0: Called Strike
0-1: Ball
1-1: Ball
2-1: Ball
3-1: Base on Balls
Batting: RHB António Rodríguez 0-0: Swinging Strike
0-1: Swinging Strike
0-2: Ball
1-2: Foul Ball, location: 2F
1-2: Strikes out swinging
Batting: SHB Miguel Hurtado 0-0: Ball
1-0: Called Strike
1-1: Ball
2-1: Foul Ball, location: 2F
2-2: Foul Ball, location: 2F
2-2: Strikes out swinging
Top of the 2nd over - 0 runs, 0 hits, 0 errors, 1 left on base; Beaumont 0 - Wichita 1
BOTTOM OF THE 2ND
Wichita Wranglers batting - Pitching for Beaumont Roughnecks : RHP Stan Roberts
Batting: LHB Travis Jefferson 0-0: Foul Ball, location: 2F
0-1: Ball
1-1: Ball
2-1: SINGLE (Line Drive, 78S)
Batting: RHB Travis Ezell 0-0: Ball
1-0: Ball
2-0: Ball
3-0: Base on Balls
Travis Jefferson to second
Batting: RHB Miguel García 0-0: Ball
Travis Jefferson steals 3rd base
Travis Ezell to second
1-0: Ball
2-0: Ground out 5-3 (Groundball, 56S)
Travis Jefferson scores
Travis Ezell to third
Batting: LHB Terry Neal 0-0: Foul Ball, location: 2F
0-1: Ball
1-1: Foul Ball, location: 2F
1-2: Ball
2-2: Foul Ball, location: 2F
2-2: Foul Ball, location: 2F
2-2: Foul Ball, location: 2F
2-2: SINGLE (Groundball, 4MD)
Travis Ezell scores
Batting: RHB Henry Edwards 0-0: Called Strike
0-1: Ball
Terry Neal steals 2nd base
1-1: Foul Ball, location: 2F
1-2: SINGLE (Groundball, 56D)
Terry Neal to third
Runner from 3rd tries for Home, SAFE, no throw
Batting: RHB Stan Taylor 0-0: Ball
1-0: SINGLE (Flyball, 8LS)
Henry Edwards to second
Runner from 2nd tries for 3rd, SAFE, throw made to third
Batting: LHB Chris Gibson 0-0: SINGLE (Line Drive, 6D)
Henry Edwards scores
Stan Taylor to second
Batting: LHB José Guerrero 0-0: Ball
Stan Taylor steals 3rd base
1-0: Foul Ball, location: 2F
1-1: Fielders Choice at 2nd, 3-6 (Groundball, 3)
Stan Taylor scores
Batting: RHB Hubert MacDonald 0-0: Called Strike
0-1: Ball
1-1: Swinging Strike
1-2: Foul Ball, location: 2F
1-2: Foul Ball, location: 2F
1-2: Ball
2-2: Strikes out looking
Bottom of the 2nd over - 5 runs, 5 hits, 0 errors, 1 left on base; Beaumont 0 - Wichita 6
TOP OF THE 3RD
Beaumont Roughnecks batting - Pitching for Wichita Wranglers : LHP António Ruíz
Batting: LHB Roberto Félix 0-0: Ground out 6-3 (Groundball, 6S)
Batting: RHB Jeff Vickers 0-0: Called Strike
0-1: Called Strike
0-2: Strikes out looking
Batting: RHB Cole Boehmer 0-0: Called Strike
0-1: Called Strike
0-2: Ball
1-2: Strikes out swinging
Top of the 3rd over - 0 runs, 0 hits, 0 errors, 0 left on base; Beaumont 0 - Wichita 6
BOTTOM OF THE 3RD
Wichita Wranglers batting - Pitching for Beaumont Roughnecks : RHP Stan Roberts
Batting: LHB Travis Jefferson 0-0: Ball
1-0: Ball
2-0: Ball
3-0: Base on Balls
Pitching: RHP Manny Alaniz
Batting: RHB Travis Ezell 0-0: Ball
1-0: SINGLE (Flyball, 9LS)
Travis Jefferson to second
Runner from 2nd tries for 3rd, SAFE, throw made to third
Batting: RHB Miguel García 0-0: Called Strike
0-1: Ball
1-1: Swinging Strike
1-2: Ball
2-2: Ball
3-2: Fly out, F8 (Flyball, 8RD)
Runner from 3rd tags up, SCORES, throw made
Batting: LHB Terry Neal 0-0: Foul Ball, location: 2F
0-1: Swinging Strike
0-2: Strikes out swinging
Batting: RHB Henry Edwards 0-0: Ball
1-0: Called Strike
1-1: Ball
2-1: Ball
3-1: Base on Balls
Travis Ezell to second
Batting: RHB Stan Taylor 0-0: Ball
1-0: Ground out 4-3 (Groundball, 4)
Bottom of the 3rd over - 1 run, 1 hit, 0 errors, 2 left on base; Beaumont 0 - Wichita 7
TOP OF THE 4TH
Beaumont Roughnecks batting - Pitching for Wichita Wranglers : LHP António Ruíz
Batting: LHB Corey MacGregor 0-0: Ball
1-0: Fly out, F5 (Popup, 56S)
Batting: SHB Miguel González 0-0: Ground out 6-3 (Groundball, 56)
Batting: LHB Dave Tucker 0-0: Ball
1-0: Called Strike
1-1: Ball
2-1: Foul Ball, location: 2F
2-2: Fly out, F4 (Popup, 4MD)
Top of the 4th over - 0 runs, 0 hits, 0 errors, 0 left on base; Beaumont 0 - Wichita 7
BOTTOM OF THE 4TH
Wichita Wranglers batting - Pitching for Beaumont Roughnecks : RHP Manny Alaniz
Batting: LHB Chris Gibson 0-0: Ball
1-0: Ball
2-0: Ball
3-0: Called Strike
3-1: Base on Balls
Batting: LHB José Guerrero 0-0: Ground out 6-3 (Groundball, 56D)
Chris Gibson to second
Batting: RHB Hubert MacDonald 0-0: Ball
1-0: Ball
2-0: Ball
3-0: Called Strike
3-1: Base on Balls
Batting: LHB Travis Jefferson 0-0: Ball
1-0: Ball
2-0: SINGLE (Groundball, 34D)
Chris Gibson to third
Hubert MacDonald to second
Runner from 3rd tries for Home, SAFE, throw made home
Batting: RHB Travis Ezell 0-0: Ground out 6-3 (Groundball, 6S)
Hubert MacDonald to third
Travis Jefferson to second
Batting: RHB Miguel García 0-0: Called Strike
0-1: Ball
1-1: SINGLE (Line Drive, 78S)
Hubert MacDonald scores
Travis Jefferson to third
Batting: LHB Terry Neal 0-0: Called Strike
0-1: Foul Ball, location: 2F
0-2: Ball
1-2: Ball
2-2: Fielders Choice at 2nd, 6-4 (Groundball, 6)
Bottom of the 4th over - 2 runs, 2 hits, 0 errors, 2 left on base; Beaumont 0 - Wichita 9
TOP OF THE 5TH
Beaumont Roughnecks batting - Pitching for Wichita Wranglers : LHP António Ruíz
Batting: LHB John Fitzgerald 0-0: Ball
1-0: Foul Ball, location: 2F
1-1: Foul Ball, location: 2F
1-2: Ball
2-2: Strikes out looking
Batting: RHB António Rodríguez 0-0: Ground out 4-3 (Groundball, 34)
Batting: SHB Miguel Hurtado 0-0: Ball
1-0: Ball
2-0: Foul Ball, location: 2F
2-1: Foul Ball, location: 2F
2-2: Strikes out swinging
Top of the 5th over - 0 runs, 0 hits, 0 errors, 0 left on base; Beaumont 0 - Wichita 9
BOTTOM OF THE 5TH
Wichita Wranglers batting - Pitching for Beaumont Roughnecks : RHP Manny Alaniz
Batting: RHB Henry Edwards 0-0: Fly out, F8 (Flyball, 8LM)
Batting: RHB Stan Taylor 0-0: Fly out, F7 (Flyball, 78S)
Batting: LHB Chris Gibson 0-0: Ball
1-0: Called Strike
1-1: Fly out, F5 (Popup, 5SF)
Bottom of the 5th over - 0 runs, 0 hits, 0 errors, 0 left on base; Beaumont 0 - Wichita 9
TOP OF THE 6TH
Beaumont Roughnecks batting - Pitching for Wichita Wranglers : LHP António Ruíz
Batting: LHB Roberto Félix 0-0: Called Strike
0-1: DOUBLE (Groundball, 3L)
Batting: RHB Jeff Vickers 0-0: Foul Ball, location: 2F
0-1: Called Strike
0-2: Ball
1-2: Strikes out swinging
Batting: RHB Cole Boehmer 0-0: Called Strike
0-1: Called Strike
0-2: Strikes out swinging
Batting: LHB Corey MacGregor 0-0: Ball
1-0: Foul Ball, location: 2F
1-1: Ball
2-1: Foul Ball, location: 2F
2-2: Strikes out swinging
Top of the 6th over - 0 runs, 1 hit, 0 errors, 1 left on base; Beaumont 0 - Wichita 9
BOTTOM OF THE 6TH
Wichita Wranglers batting - Pitching for Beaumont Roughnecks : RHP Manny Alaniz
Batting: LHB José Guerrero 0-0: Ball
1-0: Ball
2-0: Swinging Strike
2-1: DOUBLE (Line Drive, 7LM)
Batting: RHB Hubert MacDonald 0-0: Foul Ball, location: 2F
0-1: Ball
1-1: Foul Ball, location: 2F
1-2: Ball
2-2: Foul Ball, location: 2F
2-2: Strikes out swinging
Batting: LHB Travis Jefferson 0-0: Ball
1-0: Foul Ball, location: 2F
1-1: DOUBLE (Line Drive, 89D)
José Guerrero scores
Batting: RHB Travis Ezell 0-0: Ball
1-0: Ball
2-0: Foul Ball, location: 2F
2-1: Ball
3-1: Base on Balls
Pitching: RHP Firmino Orsi
Batting: RHB Miguel García 0-0: Ball
1-0: Called Strike
1-1: Reached on error, E5 (Groundball, 56)
Travis Jefferson to third
Travis Ezell to second
Batting: LHB Terry Neal 0-0: Ball
1-0: Ball
2-0: SINGLE (Line Drive, 9S)
Travis Jefferson scores
Travis Ezell to third
Miguel García to second
Batting: RHB Henry Edwards 0-0: Ball
1-0: Ball
2-0: Fly out, F5 (Popup, 56S)
Batting: RHB Stan Taylor 0-0: Ground out 1-3 (Groundball, 15)
Bottom of the 6th over - 2 runs, 3 hits, 1 error, 3 left on base; Beaumont 0 - Wichita 11
TOP OF THE 7TH
Beaumont Roughnecks batting - Pitching for Wichita Wranglers : LHP António Ruíz
Batting: SHB Miguel González 0-0: Swinging Strike
0-1: Ball
1-1: Ball
2-1: Ball
3-1: Called Strike
3-2: SINGLE (Line Drive, 7S)
Batting: LHB Dave Tucker 0-0: Called Strike
0-1: Ball
1-1: Reached on error, E4 (Groundball, 4)
Miguel González to second
Batting: LHB John Fitzgerald 0-0: Foul Ball, location: 2F
0-1: Swinging Strike
0-2: Ball
1-2: Foul Ball, location: 2F
1-2: SINGLE (Flyball, 89M)
Miguel González to third
Dave Tucker to second
Runner from 3rd tries for Home, SAFE, throw made home
Batting: RHB António Rodríguez 0-0: SINGLE (Line Drive, 56D)
Dave Tucker to third
John Fitzgerald to second
Batting: SHB Miguel Hurtado 0-0: Fielders Choice at 2nd, 3-6 (Groundball, 34)
Dave Tucker scores
John Fitzgerald to third
Batting: LHB Roberto Félix 0-0: Swinging Strike
0-1: Called Strike
0-2: Ball
1-2: Fly out, F7 (Line Drive, 78S)
Runner from 3rd tags up, SCORES, no throw
Batting: RHB Jeff Vickers 0-0: Ball
1-0: Called Strike
1-1: Fly out, F4 (Popup, 4)
Top of the 7th over - 3 runs, 3 hits, 1 error, 1 left on base; Beaumont 3 - Wichita 11
BOTTOM OF THE 7TH
Wichita Wranglers batting - Pitching for Beaumont Roughnecks : RHP Firmino Orsi
Batting: LHB Chris Gibson 0-0: Fly out, F8 (Flyball, 8LXD)
Batting: LHB José Guerrero 0-0: Called Strike
0-1: Ball
1-1: Swinging Strike
1-2: Ball
2-2: SINGLE (Groundball, 56D)
Batting: RHB Hubert MacDonald 0-0: Called Strike
0-1: Foul Ball, location: 2F
0-2: Ball
1-2: Ball
2-2: Ball
3-2: Base on Balls
José Guerrero to second
Batting: LHB Travis Jefferson 0-0: Called Strike
0-1: Called Strike
0-2: Ball
1-2: Foul Ball, location: 2F
1-2: Strikes out swinging
Batting: RHB Travis Ezell 0-0: Called Strike
0-1: Foul Ball, location: 2F
0-2: Ball
1-2: Fielders Choice at 2nd, 6-4 (Groundball, 6)
Bottom of the 7th over - 0 runs, 1 hit, 0 errors, 2 left on base; Beaumont 3 - Wichita 11
TOP OF THE 8TH
Beaumont Roughnecks batting - Pitching for Wichita Wranglers : LHP António Ruíz
Pitching: RHP Fletcher Turner
Batting: RHB Cole Boehmer 0-0: Ball
1-0: Ball
2-0: Foul Ball, location: 2F
2-1: SINGLE (Groundball, 6D)
Batting: LHB Corey MacGregor 0-0: SINGLE (Groundball, 4MD)
Cole Boehmer to second
Batting: SHB Miguel González 0-0: Ball
1-0: Ball
2-0: Called Strike
2-1: Ground out 5-3 (Groundball, 56S)
Cole Boehmer to third
Corey MacGregor to second
Batting: LHB Dave Tucker 0-0: Called Strike
0-1: Foul Ball, location: 2F
0-2: Foul Ball, location: 2F
0-2: Ball
1-2: Ball
2-2: Foul Ball, location: 2F
2-2: Foul Ball, location: 2F
2-2: Ball
3-2: SINGLE (Line Drive, 9S)
Cole Boehmer scores
Corey MacGregor to third
Runner from 3rd tries for Home, SAFE, no throw
Batting: LHB John Fitzgerald 0-0: Swinging Strike
0-1: Ball
1-1: Called Strike
1-2: Foul Ball, location: 2F
Pickoff Throw to First - Error! E1
Dave Tucker to second
1-2: Foul Ball, location: 2F
1-2: Ball
2-2: Ball
3-2: Fly out, F3 (Line Drive, 3S)
Batting: RHB António Rodríguez 0-0: Called Strike
0-1: Swinging Strike
0-2: Ground out 6-3 (Groundball, 6)
Top of the 8th over - 2 runs, 3 hits, 1 error, 1 left on base; Beaumont 5 - Wichita 11
BOTTOM OF THE 8TH
Wichita Wranglers batting - Pitching for Beaumont Roughnecks : RHP Firmino Orsi
Batting: RHB Miguel García 0-0: Called Strike
0-1: Called Strike
0-2: Fly out, F8 (Flyball, 8LM)
Batting: LHB Terry Neal 0-0: Ball
1-0: Ball
2-0: Called Strike
2-1: Ball
3-1: Base on Balls
Batting: RHB Henry Edwards 0-0: Ball
1-0: Swinging Strike
1-1: Swinging Strike
1-2: Ball
2-2: Ball
3-2: Base on Balls
Terry Neal to second
Batting: RHB Stan Taylor 0-0: Ball
1-0: Ball
2-0: Ball
Terry Neal steals 3rd base
3-0: Called Strike
3-1: Base on Balls
Henry Edwards to second
Batting: LHB Chris Gibson 0-0: Called Strike
0-1: Ball
Wild Pitch!
Terry Neal scores
Henry Edwards to third
Stan Taylor to second
1-1: Fly out, F7 (Flyball, 7)
Runner from 3rd tags up, OUT at HOME
Bottom of the 8th over - 1 run, 0 hits, 0 errors, 1 left on base; Beaumont 5 - Wichita 12
TOP OF THE 9TH
Beaumont Roughnecks batting - Pitching for Wichita Wranglers : RHP Fletcher Turner
Now at C: Mauro Paredes
Now in RF: Dan Dunn
Batting: SHB Miguel Hurtado 0-0: Called Strike
0-1: Foul Ball, location: 2F
0-2: Ball
1-2: Strikes out swinging
Batting: LHB Roberto Félix 0-0: Called Strike
0-1: Ball
1-1: Called Strike
1-2: Foul Ball, location: 2F
1-2: Strikes out swinging
Batting: RHB Jeff Vickers 0-0: Called Strike
0-1: Ball
1-1: Swinging Strike
1-2: Foul Ball, location: 2F
1-2: Fly out, F6 (Popup, 6S)
Top of the 9th over - 0 runs, 0 hits, 0 errors, 0 left on base; Beaumont 5 - Wichita 12
Saturday, April 7th, 2018 - OOTP Baseball 18.8 Build 76